[ AOE2 MATCH · #482827411 ]
Team RMTeutons vs Franks
[ REPLAY ANALYSIS · EXTRACTED FROM THE RECORDED GAME ]
Feudal
13:31
Castle
17:07
Imperial
—
| APM avg | 21.1 |
| APM peak | 53 |
| eAPM avg | 12.6 |
| Villagers / military | 81 / 29 |
Focus
⚔️ 18.4% · 🌾 81.6%
Spearman ×11 · Knight ×10 · Scout Cavalry ×3 · Monk ×2 · Mangonel ×2 · Scorpion ×1
Feudal
11:22
Castle
22:34
Imperial
—
| APM avg | 31.0 |
| APM peak | 92 |
| eAPM avg | 10.5 |
| Villagers / military | 46 / 25 |
Focus
⚔️ 14.8% · 🌾 85.2%
Knight ×12 · Scout Cavalry ×9 · Spearman ×4
Feudal
11:17
Castle
—
Imperial
—
| APM avg | 32.1 |
| APM peak | 69 |
| eAPM avg | 7.4 |
| Villagers / military | 49 / 4 |
Focus
⚔️ 16.0% · 🌾 84.0%
Skirmisher ×4
Feudal
10:22
Castle
24:19
Imperial
—
| APM avg | 60.3 |
| APM peak | 100 |
| eAPM avg | 19.9 |
| Villagers / military | 48 / 61 |
Focus
⚔️ 18.8% · 🌾 81.2%
Archer ×34 · Spearman ×10 · Skirmisher ×10 · Militia ×2 · Scout Cavalry ×2 · Battering Ram ×2
Match map
Initial resources + every placement click. Lines = walls · curves = elevation contours. ◆ gold · ⬟ stone · ● berries · ✦ relic · ◌ wall gap
Your base· Open — unwalled flank
Vanko's base· Open — 4t gap
nerinvergil's base· Open — unwalled flank
Claw's base· Open — unwalled flank
Smoothed initial terrain · ◌ = detected wall gap · hover for details
Inputs per minute
— Silkor - - Vanko
Build order — Silkor
142 actions detected in the replay
| 0:02 | Create | Villager (Male) |
| 0:02 | Create | Villager (Male) |
| 0:02 | Create | Villager (Male) |
| 0:02 | Create | Villager (Male) |
| 0:02 | Create | Villager (Male) |
| 0:04 | Build | House |
| 1:19 | Create | Villager (Male) |
| 1:19 | Create | Villager (Male) |
| 1:53 | Build | House |
| 1:54 | Build | House |
| 1:56 | Build | House |
| 1:59 | Create | Villager (Male) |
| 1:59 | Create | Villager (Male) |
| 2:14 | Create | Villager (Male) |
| 2:15 | Create | Villager (Male) |
| 2:56 | Create | Villager (Male) |
| 2:56 | Create | Villager (Male) |
| 3:06 | Build | Lumber Camp |
| 3:11 | Create | Villager (Male) |
| 3:12 | Create | Villager (Male) |
| 3:41 | Create | Villager (Male) |
| 3:41 | Create | Villager (Male) |
| 3:42 | Create | Villager (Male) |
| 3:43 | Create | Villager (Male) |
| 4:41 | Create | Villager (Male) |
| 4:41 | Create | Villager (Male) |
| 5:16 | Create | Villager (Male) |
| 5:16 | Create | Villager (Male) |
| 5:16 | Create | Villager (Male) |
| 5:55 | Build | Mill |
| 6:00 | Create | Villager (Male) |
| 6:01 | Create | Villager (Male) |
| 6:01 | Create | Villager (Male) |
| 6:32 | Build | House |
| 6:35 | Create | Villager (Male) |
| 6:35 | Create | Villager (Male) |
| 6:35 | Create | Villager (Male) |
| 7:30 | Create | Villager (Male) |
| 7:30 | Create | Villager (Male) |
| 7:30 | Create | Villager (Male) |
| 7:31 | Create | Villager (Male) |
| 7:31 | Create | Villager (Male) |
| 8:13 | Build | Barracks |
| 8:21 | Build | House |
| 8:24 | Create | Villager (Male) |
| 8:24 | Create | Villager (Male) |
| 8:25 | Create | Villager (Male) |
| 9:32 | Create | Villager (Male) |
| 9:33 | Create | Villager (Male) |
| 9:33 | Create | Villager (Male) |
| 9:33 | Create | Villager (Male) |
| 9:33 | Create | Villager (Male) |
| 9:34 | Create | Villager (Male) |
| 9:34 | Create | Villager (Male) |
| 9:34 | Create | Villager (Male) |
| 11:10 | Build | Farm |
| 11:11 | Build | Farm |
| 11:12 | Build | Farm |
| 11:12 | Build | Farm |
| 11:13 | Build | Farm |
| 11:13 | Build | Farm |
| 11:21 | Research | Feudal Age |
| 11:39 | Build | Farm |
| 12:08 | Build | Farm |
| 12:41 | Create | Villager (Male) |
| 12:41 | Create | Villager (Male) |
| 13:31 | Age | Feudal Age |
| 13:39 | Build | Market |
| 14:04 | Build | Blacksmith |
| 14:24 | Research | Double-Bit Axe |
| 14:27 | Research | Castle Age |
| 14:33 | Build | House |
| 14:40 | Build | House |
| 14:47 | Research | Horse Collar |
| 14:50 | Create | Spearman |
| 14:50 | Create | Spearman |
| 14:50 | Create | Spearman |
| 15:28 | Build | Stable |
| 16:30 | Create | Scout Cavalry |
| 16:30 | Create | Scout Cavalry |
| 16:30 | Create | Scout Cavalry |
| 16:46 | Create | Spearman |
| 16:46 | Create | Spearman |
| 17:07 | Age | Castle Age |
| 17:18 | Build | Town Center |
| 17:26 | Create | Knight |
| 17:52 | Research | Wheelbarrow |
| 17:53 | Create | Villager (Male) |
| 17:53 | Create | Villager (Male) |
| 18:04 | Create | Knight |
| 18:04 | Create | Knight |
| 18:04 | Create | Knight |
| 18:07 | Create | Knight |
| 18:11 | Create | Villager (Male) |
| 18:41 | Create | Villager (Male) ×2 |
| 18:53 | Build | Farm |
| 19:57 | Create | Villager (Male) ×3 |
| 20:07 | Build | Town Center |
| 21:20 | Create | Spearman |
| 21:21 | Create | Spearman |
| 21:44 | Create | Villager (Male) ×3 |
| 22:16 | Create | Villager (Male) |
| 22:20 | Build | Farm |
| 22:21 | Build | Farm |
| 22:21 | Build | Farm |
| 22:41 | Create | Villager (Male) |
| 22:45 | Build | Farm |
| 22:49 | Build | Farm |
| 22:50 | Build | Farm |
| 22:52 | Create | Villager (Male) |
| 23:10 | Build | Farm |
| 23:14 | Create | Villager (Male) |
| 23:15 | Create | Villager (Male) |
| 23:18 | Create | Spearman |
| 23:18 | Create | Spearman |
| 24:00 | Build | Siege Workshop |
| 24:02 | Build | House |
| 24:04 | Build | House |
| 24:07 | Create | Villager (Male) ×2 |
| 24:16 | Build | Farm |
| 24:24 | Create | Villager (Male) ×2 |
| 24:50 | Build | Monastery |
| 24:53 | Create | Scorpion |
| 25:28 | Create | Villager (Male) ×5 |
| 25:31 | Create | Monk |
| 25:31 | Create | Monk |
| 25:49 | Create | Villager (Male) ×4 |
| 26:15 | Create | Mangonel |
| 26:15 | Create | Mangonel |
| 26:20 | Build | Farm |
| 26:27 | Create | Knight |
| 26:27 | Create | Knight |
| 26:30 | Create | Spearman |
| 26:30 | Create | Spearman |
| 27:34 | Create | Knight |
| 27:35 | Create | Knight |
| 27:35 | Create | Knight |
| 27:48 | Research | Hand Cart |
| 27:48 | Create | Villager (Male) |
| 27:48 | Create | Villager (Male) |
| 27:49 | Create | Villager (Male) |
| 27:49 | Create | Villager (Male) |
Build order — Vanko
116 actions detected in the replay
| 0:02 | Build | House |
| 0:04 | Build | House |
| 0:05 | Create | Villager (Male) |
| 0:06 | Create | Villager (Male) |
| 0:06 | Create | Villager (Male) |
| 0:06 | Create | Villager (Male) |
| 1:32 | Create | Villager (Male) |
| 1:32 | Create | Villager (Male) |
| 1:51 | Build | Lumber Camp |
| 2:00 | Create | Villager (Male) |
| 2:00 | Create | Villager (Male) |
| 2:08 | Create | Villager (Male) |
| 3:08 | Build | House |
| 3:10 | Build | House |
| 3:18 | Create | Villager (Male) |
| 3:19 | Create | Villager (Male) |
| 3:19 | Create | Villager (Male) |
| 4:04 | Create | Villager (Male) |
| 4:05 | Create | Villager (Male) |
| 4:47 | Create | Villager (Male) |
| 4:48 | Create | Villager (Male) |
| 4:48 | Create | Villager (Male) |
| 5:15 | Create | Villager (Male) |
| 5:15 | Create | Villager (Male) |
| 5:21 | Build | Mill |
| 6:04 | Create | Villager (Male) |
| 6:05 | Create | Villager (Male) |
| 6:37 | Create | Villager (Male) |
| 6:37 | Create | Villager (Male) |
| 6:38 | Create | Villager (Male) |
| 6:45 | Create | Villager (Male) |
| 7:52 | Research | Loom |
| 8:20 | Build | Barracks |
| 9:12 | Research | Feudal Age |
| 9:50 | Build | Farm |
| 9:51 | Build | Farm |
| 11:22 | Age | Feudal Age |
| 11:27 | Build | Stable |
| 11:30 | Create | Villager (Male) |
| 11:31 | Create | Villager (Male) |
| 11:31 | Create | Villager (Male) |
| 11:33 | Research | Double-Bit Axe |
| 12:12 | Build | Blacksmith |
| 12:16 | Create | Scout Cavalry |
| 12:16 | Create | Scout Cavalry |
| 12:16 | Create | Scout Cavalry |
| 12:16 | Create | Scout Cavalry |
| 12:17 | Create | Scout Cavalry |
| 12:52 | Build | House |
| 12:53 | Build | House |
| 13:05 | Build | House |
| 13:08 | Create | Villager (Male) |
| 13:08 | Create | Villager (Male) |
| 13:33 | Build | Farm |
| 13:41 | Build | Farm |
| 13:42 | Build | Farm |
| 13:43 | Build | Farm |
| 13:44 | Build | Farm |
| 13:50 | Build | Farm |
| 14:02 | Build | Watch Tower |
| 14:09 | Build | Farm |
| 14:10 | Create | Villager (Male) |
| 14:11 | Create | Villager (Male) |
| 15:32 | Build | House |
| 15:33 | Build | House |
| 16:09 | Build | Mining Camp |
| 16:10 | Create | Villager (Male) |
| 16:10 | Create | Villager (Male) |
| 16:17 | Build | Farm |
| 16:17 | Build | Farm |
| 16:18 | Build | Farm |
| 16:19 | Build | Farm |
| 16:19 | Build | Farm |
| 16:34 | Build | Farm |
| 16:35 | Create | Villager (Male) |
| 16:46 | Create | Scout Cavalry |
| 16:46 | Create | Scout Cavalry |
| 16:46 | Create | Scout Cavalry |
| 16:49 | Research | Scale Barding Armor |
| 16:57 | Research | Forging |
| 17:03 | Create | Scout Cavalry |
| 19:54 | Research | Castle Age |
| 21:45 | Research | Gold Mining |
| 22:05 | Create | Villager (Male) |
| 22:34 | Age | Castle Age |
| 22:34 | Research | Bow Saw |
| 22:34 | Research | Bow Saw |
| 22:38 | Create | Villager (Male) |
| 22:38 | Create | Villager (Male) |
| 22:51 | Research | Pikeman (upgrade) |
| 22:53 | Create | Spearman |
| 22:53 | Create | Spearman |
| 22:54 | Create | Spearman |
| 22:54 | Create | Spearman |
| 23:17 | Build | Mining Camp |
| 23:21 | Research | Chain Barding Armor |
| 23:25 | Create | Knight ×2 |
| 23:34 | Create | Villager (Male) |
| 23:34 | Create | Villager (Male) |
| 24:05 | Build | Market |
| 24:47 | Create | Villager (Male) |
| 24:48 | Create | Villager (Male) |
| 24:49 | Create | Villager (Male) |
| 25:23 | Build | House |
| 25:24 | Build | House |
| 25:25 | Build | House |
| 25:26 | Build | House |
| 25:28 | Build | House |
| 28:15 | Research | Husbandry |
| 28:15 | Create | Knight ×5 |
| 28:16 | Create | Knight ×5 |
| 28:57 | Build | Stable |
| 28:59 | Build | Stable |
| 29:13 | Create | Villager (Male) |
| 29:13 | Create | Villager (Male) |
| 29:13 | Create | Villager (Male) |
Build order — nerinvergil
103 actions detected in the replay
| 0:03 | Create | Villager (Male) |
| 0:03 | Create | Villager (Male) |
| 0:04 | Create | Villager (Male) |
| 0:06 | Research | Loom |
| 0:06 | Create | Villager (Male) |
| 0:07 | Create | Villager (Male) |
| 0:07 | Create | Villager (Male) |
| 0:11 | Build | House |
| 0:12 | Build | House |
| 0:50 | Build | House |
| 0:51 | Build | House |
| 1:59 | Create | Villager (Male) |
| 2:09 | Build | Mill |
| 2:42 | Create | Villager (Male) |
| 3:10 | Create | Villager (Male) |
| 3:10 | Create | Villager (Male) |
| 3:37 | Create | Villager (Male) |
| 4:18 | Create | Villager (Male) |
| 4:18 | Create | Villager (Male) |
| 4:40 | Create | Villager (Male) |
| 5:12 | Create | Villager (Male) |
| 5:12 | Create | Villager (Male) |
| 5:36 | Build | Lumber Camp |
| 5:52 | Create | Villager (Male) |
| 8:23 | Build | House |
| 8:26 | Build | House |
| 8:27 | Build | House |
| 8:30 | Build | House |
| 8:32 | Build | House |
| 8:34 | Build | House |
| 9:07 | Research | Feudal Age |
| 10:52 | Build | Barracks |
| 11:17 | Age | Feudal Age |
| 12:08 | Create | Villager (Male) |
| 12:08 | Create | Villager (Male) |
| 12:09 | Create | Villager (Male) |
| 12:09 | Create | Villager (Male) |
| 12:10 | Create | Villager (Male) |
| 12:17 | Research | Double-Bit Axe |
| 13:13 | Build | House |
| 13:17 | Build | House |
| 13:19 | Build | House |
| 13:21 | Build | House |
| 13:44 | Create | Villager (Male) |
| 13:44 | Create | Villager (Male) |
| 13:45 | Create | Villager (Male) |
| 13:45 | Create | Villager (Male) |
| 13:57 | Create | Villager (Male) |
| 13:57 | Create | Villager (Male) |
| 14:06 | Research | Horse Collar |
| 14:18 | Build | Mining Camp |
| 14:54 | Create | Villager (Male) |
| 14:54 | Create | Villager (Male) |
| 15:38 | Research | Wheelbarrow |
| 16:05 | Build | Archery Range |
| 16:51 | Build | Archery Range |
| 16:53 | Create | Skirmisher |
| 16:53 | Create | Skirmisher |
| 16:54 | Create | Skirmisher |
| 16:54 | Create | Skirmisher |
| 17:33 | Build | Farm |
| 18:03 | Build | Farm |
| 19:57 | Create | Villager (Male) |
| 19:57 | Create | Villager (Male) |
| 19:57 | Create | Villager (Male) |
| 19:58 | Create | Villager (Male) |
| 20:14 | Build | Farm |
| 20:31 | Build | Farm |
| 20:33 | Build | Farm |
| 21:25 | Create | Villager (Male) |
| 21:25 | Create | Villager (Male) |
| 21:34 | Build | Farm |
| 21:36 | Build | Farm |
| 21:37 | Build | Farm |
| 21:56 | Build | Farm |
| 22:40 | Build | Mill |
| 23:07 | Build | Farm |
| 23:09 | Build | Farm |
| 23:11 | Build | Farm |
| 23:44 | Create | Villager (Male) |
| 23:44 | Create | Villager (Male) |
| 23:45 | Create | Villager (Male) |
| 23:45 | Create | Villager (Male) |
| 23:46 | Create | Villager (Male) |
| 23:47 | Create | Villager (Male) |
| 23:54 | Build | Farm |
| 24:00 | Create | Villager (Male) |
| 24:00 | Create | Villager (Male) |
| 24:21 | Research | Gold Mining |
| 25:38 | Build | Blacksmith |
| 26:18 | Build | Palisade Gate |
| 26:48 | Build | Blacksmith |
| 26:51 | Create | Villager (Male) |
| 26:52 | Create | Villager (Male) |
| 27:05 | Create | Villager (Male) |
| 27:07 | Create | Villager (Male) |
| 27:07 | Create | Villager (Male) |
| 27:29 | Research | Castle Age |
| 27:41 | Build | House |
| 27:42 | Build | House |
| 27:43 | Build | House |
| 27:44 | Build | House |
| 27:45 | Build | House |
Build order — Claw
First 150 of 173 actions detected
| 0:02 | Build | House |
| 0:02 | Create | Villager (Male) |
| 0:02 | Create | Villager (Male) |
| 0:02 | Create | Villager (Male) |
| 0:02 | Create | Villager (Male) |
| 0:03 | Create | Villager (Male) |
| 0:04 | Build | House |
| 1:38 | Create | Villager (Male) |
| 1:51 | Build | Lumber Camp |
| 2:15 | Create | Villager (Male) |
| 2:15 | Create | Villager (Male) |
| 2:17 | Create | Villager (Male) |
| 2:17 | Create | Villager (Male) |
| 2:57 | Create | Villager (Male) |
| 3:12 | Build | House |
| 3:17 | Create | Villager (Male) |
| 3:47 | Build | House |
| 3:48 | Create | Villager (Male) |
| 4:17 | Build | Mill |
| 4:17 | Create | Villager (Male) |
| 4:18 | Create | Villager (Male) |
| 4:49 | Create | Villager (Male) |
| 5:15 | Create | Villager (Male) |
| 5:15 | Create | Villager (Male) |
| 5:33 | Create | Villager (Male) |
| 5:55 | Create | Villager (Male) |
| 6:31 | Create | Villager (Male) |
| 6:56 | Create | Villager (Male) |
| 7:07 | Create | Villager (Male) |
| 7:17 | Build | Mining Camp |
| 7:32 | Research | Loom |
| 7:51 | Research | Feudal Age |
| 7:51 | Research | Feudal Age |
| 8:15 | Build | House |
| 8:41 | Create | Villager (Male) |
| 8:51 | Build | Barracks |
| 10:08 | Create | Villager (Male) |
| 10:15 | Build | Farm |
| 10:22 | Age | Feudal Age |
| 10:30 | Build | Archery Range |
| 11:09 | Create | Villager (Male) |
| 11:14 | Build | Archery Range |
| 11:16 | Create | Spearman |
| 11:35 | Create | Archer |
| 12:04 | Create | Villager (Male) |
| 12:04 | Create | Villager (Male) |
| 12:07 | Research | Double-Bit Axe |
| 12:08 | Create | Archer |
| 12:17 | Build | House |
| 12:20 | Create | Archer |
| 12:56 | Build | House |
| 12:56 | Build | House |
| 12:57 | Create | Archer |
| 12:58 | Create | Archer |
| 12:58 | Create | Archer |
| 12:59 | Create | Villager (Male) |
| 13:20 | Build | Farm |
| 13:22 | Build | Farm |
| 13:24 | Build | Farm |
| 13:27 | Build | Farm |
| 13:28 | Create | Villager (Male) |
| 13:29 | Create | Villager (Male) |
| 13:32 | Create | Militia |
| 13:32 | Create | Militia |
| 13:36 | Create | Archer |
| 13:36 | Create | Archer |
| 13:55 | Create | Archer |
| 14:01 | Create | Villager (Male) |
| 14:20 | Create | Villager (Male) |
| 14:51 | Create | Archer |
| 14:52 | Create | Archer |
| 14:52 | Create | Archer |
| 15:21 | Build | House |
| 15:21 | Build | House |
| 15:24 | Build | Lumber Camp |
| 15:25 | Create | Villager (Male) |
| 15:25 | Create | Villager (Male) |
| 15:30 | Research | Horse Collar |
| 15:31 | Build | Farm |
| 15:31 | Build | Farm |
| 15:31 | Build | Farm |
| 15:32 | Build | Farm |
| 15:32 | Build | Farm |
| 15:48 | Create | Archer |
| 15:49 | Create | Archer |
| 16:03 | Create | Villager (Male) |
| 16:16 | Build | Blacksmith |
| 16:42 | Create | Skirmisher |
| 16:42 | Create | Skirmisher |
| 16:59 | Research | Fletching |
| 17:04 | Build | Stable |
| 17:05 | Create | Villager (Male) |
| 17:05 | Create | Villager (Male) |
| 17:28 | Create | Archer |
| 17:28 | Create | Archer |
| 17:54 | Create | Skirmisher |
| 18:12 | Create | Villager (Male) |
| 18:12 | Create | Villager (Male) |
| 18:14 | Research | Wheelbarrow |
| 18:17 | Build | Farm |
| 18:19 | Create | Scout Cavalry |
| 18:19 | Create | Scout Cavalry |
| 19:06 | Create | Archer |
| 19:06 | Create | Archer |
| 19:14 | Build | House |
| 19:14 | Build | House |
| 19:29 | Create | Skirmisher |
| 19:29 | Create | Skirmisher |
| 19:32 | Build | House |
| 19:32 | Build | House |
| 19:32 | Build | House |
| 19:35 | Create | Villager (Male) |
| 19:39 | Build | Market |
| 19:54 | Create | Spearman |
| 19:54 | Create | Spearman |
| 19:59 | Research | Padded Archer Armor |
| 21:02 | Build | Farm |
| 21:06 | Build | Farm |
| 21:10 | Build | Farm |
| 21:26 | Build | Farm |
| 21:39 | Research | Castle Age |
| 21:44 | Create | Skirmisher |
| 21:44 | Create | Skirmisher |
| 22:04 | Create | Spearman |
| 22:46 | Create | Villager (Male) |
| 23:19 | Create | Spearman |
| 23:21 | Create | Archer |
| 23:22 | Create | Archer |
| 23:27 | Build | House |
| 24:19 | Age | Castle Age |
| 24:22 | Build | Town Center |
| 24:24 | Research | Crossbowman (upgrade) |
| 24:25 | Research | Thumb Ring |
| 24:27 | Create | Archer |
| 24:27 | Create | Archer |
| 24:28 | Create | Archer |
| 24:28 | Create | Archer |
| 24:43 | Create | Spearman |
| 24:43 | Create | Spearman |
| 24:48 | Create | Spearman |
| 24:49 | Create | Archer |
| 24:49 | Create | Archer |
| 24:56 | Build | Farm |
| 25:18 | Create | Archer |
| 25:19 | Create | Archer |
| 25:26 | Research | Bodkin Arrow |
| 26:01 | Build | Siege Workshop |
| 26:19 | Create | Archer |
| 26:19 | Create | Archer |
| 27:30 | Create | Archer |
Match timeline
| 8:13 | Silkor · first_building Barracks |
| 8:20 | Vanko · first_building Barracks |
| 8:51 | Claw · first_building Barracks |
| 10:22 | Claw · age_up feudal |
| 10:30 | Claw · first_building Archery Range |
| 10:52 | nerinvergil · first_building Barracks |
| 11:17 | nerinvergil · age_up feudal |
| 11:22 | Vanko · age_up feudal |
| 11:27 | Vanko · first_building Stable |
| 13:31 | Silkor · age_up feudal |
| 15:28 | Silkor · first_building Stable |
| 16:05 | nerinvergil · first_building Archery Range |
| 17:04 | Claw · first_building Stable |
| 17:07 | Silkor · age_up castle |
| 21:32 | Claw · first_market_sell 100 wood |
| 21:34 | Claw · first_market_buy 100 food |
| 22:34 | Vanko · age_up castle |
| 24:00 | Silkor · first_building Siege Workshop |
| 24:19 | Claw · age_up castle |
| 24:41 | Silkor · first_market_buy 100 wood |
| 24:50 | Silkor · first_building Monastery |
| 26:01 | Claw · first_building Siege Workshop |
| 28:00 | Silkor · resign |
[ AI ANALYSIS · 1 CREDIT ]
What really happened in this match?
Wolo.gg analyzes every decision: build order, eco, micro, common mistakes by bracket. Personalized analysis on WhatsApp or Discord in 30 seconds.
Civ guide
Teutons
Map guide
Arabia
Perfil
Silkor